 Dungeon Crawl Stone Soup version 0.26.0-10-g1f06aea511 (webtiles) character file.

Game seed: 17346871195953052171

6713 sanka the Geomancer (level 10, 96/96 HPs)
             Began as a Palentonga Earth Elementalist on Jan 24, 2021.
             Was a Priest of Vehumet.
             Quit the game on level 10 of the Dungeon on Jan 27, 2021.
             The game lasted 00:20:04 (13237 turns).

sanka the Geomancer (PaEE)                         Turns: 13237, Time: 00:20:05

Health: 96/96      AC: 10    Str: 17    XL:     10   Next: 74%
Magic:  16/16      EV: 10    Int: 20    God:    Vehumet [***...]
Gold:   662        SH:  0    Dex: 10    Spells: 2/17 levels left

rFire    . . .     SeeInvis +   a - +4 flail (venom)
rCold    . . .     Faith    .   (no shield)
rNeg     . . .     Spirit   .   c - +0 robe
rPois    .         Reflect  .   K - +1 helmet
rElec    .         Harm     .   N - scarf {repulsion}
rCorr    .         Rampage  .   (no gloves)
Will     .....                  (no barding)
Stlth    +.........             e - amulet of the acrobat
HPRegen  0.26/turn              l - +4 ring of protection
MPRegen  0.15/turn              R - +6 ring of strength

@: repel missiles
A: large, rugged brown scales 3, see invisible, deformed body, roll 1, armoured
tail, reflexive curl
a: Rolling Charge, Renounce Religion


You were on level 10 of the Dungeon.
You worshipped Vehumet.
Vehumet was most pleased with you.
You visited 2 branches of the dungeon, and saw 11 of its levels.

You collected 662 gold pieces.


Innate Abilities, Weirdness & Mutations

You are completely covered in rugged brown scales. (AC +3, +7% HP)
You have supernaturally acute eyesight. (SInv)
Armour fits poorly on your strangely shaped body.
You can roll at nearby foes to attack.
You have a long armoured tail.
You curl defensively after being hit.


   Skills:
 + Level 8.9 Fighting
 - Level 1.5 Dodging
 - Level 1.2 Stealth
 - Level 4.0 Spellcasting
 - Level 2.0 Conjurations
 - Level 2.0 Transmutations
 - Level 12.0 Earth Magic


You had 2 spell levels left.
You knew the following spells:

 Your Spells              Type           Power        Failure   Level
c - Petrify               Tmut/Erth      32%          7%          4
x - Stone Arrow           Conj/Erth      64%          1%          3
z - Sandblast             Erth           100%         1%          1
N - Passwall              Tmut/Erth      26%          1%          2
X - Lee's Rapid Deconstr  Erth           25%          1%          5

Your spell library contained the following spells:

 Spells                   Type           Power        Failure   Level
 Mephitic Cloud           Conj/Pois/Air  6%           9%          3
 Freeze                   Ice            16%          3%          1
 Frozen Ramparts          Ice            8%           11%         3
 Hailstorm                Conj/Ice       8%           21%         4
 Ozocubu's Armour         Ice            4%           36%         3
 Summon Ice Beast         Ice/Summ       4%           77%         4

Inventory:

Hand Weapons
 a - a +4 flail of venom (weapon)
 t - a +0 long sword
 y - a +0 morningstar
 H - a +2 short sword of flaming
Missiles
 b - 356 stones
 s - 16 curare-tipped darts {=f}
 w - a throwing net {=f}
Armour
 c - a +0 robe (worn)
 K - a +1 helmet (worn)
 N - a scarf of repulsion (worn)
Jewellery
 e - an amulet of the acrobat (around neck)
 l - a +4 ring of protection (left hand)
 v - an uncursed ring of stealth
 x - an uncursed ring of positive energy
 R - a +6 ring of strength (right hand)
Wands
 A - a wand of polymorph (13)
 O - a wand of iceblast (7)
 T - a wand of acid (13)
Scrolls
 d - 2 scrolls of amnesia {unknown}
 g - 2 scrolls of magic mapping {unknown}
 i - 5 scrolls of teleportation {unknown}
 k - 6 scrolls of identify {unknown}
 m - a scroll of brand weapon {unknown}
 p - a scroll of fog {unknown}
 q - 5 scrolls of remove curse {unknown}
 B - 2 scrolls of torment {unknown}
 C - a scroll of holy word {unknown}
 F - a scroll of enchant armour {unknown}
 G - a scroll of blinking {unknown}
 J - 3 scrolls of fear {unknown}
 L - a scroll of random uselessness {unknown}
 M - a scroll of enchant weapon {unknown}
 P - a scroll of acquirement {unknown}
 S - a scroll of summoning {unknown}
Potions
 f - a potion of flight {unknown}
 h - 3 potions of curing {@q1}
 j - 2 potions of might {unknown}
 n - 3 potions of berserk rage {unknown}
 o - 6 potions of haste {unknown}
 r - 2 potions of magic {unknown}
 u - 5 potions of lignification {unknown}
 z - 2 potions of attraction {unknown}
 D - 2 potions of ambrosia {unknown}
 E - a potion of cancellation {unknown}
 I - a potion of degeneration {unknown}
 Q - a potion of resistance {unknown}

Dungeon Overview and Level Annotations

Branches:
Dungeon (10/15)            Temple (1/1) D:4
   Lair: D:8-11         Orc: D:9-12

Altars:
Ashenzari
Cheibriados
Dithmenos
Elyvilon
Fedhas
Gozag
Hepliaklqana
Kikubaaqudgha
Makhleb
Nemelex Xobeh
Okawaru
Qazlal
Ru
Sif Muna
Trog
Uskayaw
Vehumet
Wu Jian
Xom
Yredelemnul
Zin
The Shining One

Shops:
D:10

* ▒...............
▒...............
▒.......▒▒▒▒▒▒..
▒▒▒▒▒▒▒.▒▒▒▒▒▒..
▒.▒▒......
▒▒▒▒▒▒▒▒▒.▒▒.▒▒▒.▒
▒.........▒▒...▒.▒
▒▒▒▒▒'▒▒▒▒.......▒.▒.▒
▒....H.▒ ▒.......'...▒
▒......▒ ▒.......▒..).
▒.(....▒▒▒.......▒▒▒▒÷
▒......'†'.......▒ ▒.
▒......▒▒▒.......▒ ▒.
▒......▒ ▒.......▒ ▒.
▒▒▒▒▒▒▒▒ ▒.......▒ ▒.
▒▒▒▒▒▒▒▒▒ ▒. ▒▒▒▒▒ ▒.


There were no monsters in sight!


Message History

Vehumet accepts your kill.
The howler monkey hits you but does no damage.
You sock the howler monkey! You tail-slap the howler monkey.
The howler monkey is severely wounded.
The howler monkey hits you.
You hit the howler monkey.
The howler monkey is almost dead.
The howler monkey hits you. The howler monkey hits you.
You hit the howler monkey.
You kill the howler monkey!
Vehumet accepts your kill.
No target in view!
No target in view!
Things that are here:
a howler monkey corpse; a howler monkey corpse
There is an open door here.
You open the door.
Done exploring.
Done exploring.
Done exploring.
Search for what [Enter for "."]? .
Search for what [Enter for "."]? weap Saving game... please wait.
Options error: Unknown monster: "greater mummy:lightmagenta M" (~/.crawlrc:1134) Welcome back, sanka the Palentonga Earth Elementalist.
Vehumet says: Let it end in hellfire!
Unknown command.
Are you sure you want to abandon this character and quit the game? (Confirm with "yes".)

Action                   |  1- 3 |  4- 6 |  7- 9 | 10-12 || total
-------------------------+-------+-------+-------+-------++-------
Melee: Unarmed           |    58 |       |     2 |       ||    60
       Tailslap          |     9 |     9 |    21 |    16 ||    55
       Short sword       |    63 |    41 |       |       ||   104
       Long sword        |       |    75 |    18 |       ||    93
       Flail             |       |       |   215 |   169 ||   384
 Cast: Sandblast         |    19 |    44 |    63 |    31 ||   157
       Stone Arrow       |       |       |    20 |       ||    20
       Lee's Rapid Decon |       |       |     3 |     2 ||     5
       Petrify           |       |       |       |     1 ||     1
  Use: Potion            |       |       |     2 |       ||     2
 Stab: Sleeping          |     1 |     1 |    11 |     3 ||    16
Armor: Robe              |    58 |    82 |   144 |    98 ||   382
Dodge: Dodged            |   107 |   111 |   193 |   144 ||   555
       Rpst.: Long sword |       |    26 |     6 |       ||    32

Levels and vault maps discovered:
D:1:      dpeg_arrival_another_circle, layout_basic,
          nemelex_xobeh_ov_fountains_minmay
D:2:      minmay_chambers_of_twos, layout_basic,
          gammafunk_temple_overflow_elements, grunt_ministairs_3
D:3:      layout_rooms, led_sif_pool
D:4:      layout_cave_pods, eat_drink_and_be_merry_uskayaw,
          gammafunk_temple_overflow_wave, minmay_temple_entry_waves,
          serial_park_tiny_2, corner_web_ring, uniq_edmund, uniq_robin,
          uniq_menkaure
D:5:      layout_basic, lemuel_doored_altar,
          chequers_temple_overflow_minitemple, uniq_sigmund
D:6:      layout_basic, nicolae_tso_carved_into_rock, uniq_grinder
D:7:      layout_gridville, doesnt_xom_only_xom, uniq_pikel
D:8:      gammafunk_the_bubble [the_bubble_gammafunk_crates], layout_basic,
          grunt_qazlal_sundering, special_room [special_room_orc]
D:9:      layout_stronghold, chequers_serial_rivers_micro_e
D:10:     layout_basic, serial_shops, shop, hangedman_little_slice_of_home,
          uniq_sonja
Temple:   jpeg_temple_island

Notes
Turn   | Place    | Note
-------+----------+-------------------------------------------
     0 | D:1      | sanka the Palentonga Earth Elementalist began the quest for
                  | the Orb.
     0 | D:1      | Reached XP level 1. HP: 14/14 MP: 3/3
   105 | D:1      | Reached skill level 3 in Earth Magic
   388 | D:1      | Reached XP level 2. HP: 15/21 MP: 5/5
   721 | D:1      | Found a sparkling altar of Nemelex Xobeh.
  1152 | D:2      | Reached XP level 3. HP: 27/27 MP: 2/6
  1502 | D:2      | Reached skill level 4 in Earth Magic
  1618 | D:2      | Found an ornate altar of the Wu Jian Council.
  1618 | D:2      | Found a sacrificial altar of Ru.
  2091 | D:2      | Reached XP level 4. HP: 23/35 MP: 3/7
  3073 | D:3      | Found a shimmering blue altar of Sif Muna.
  3108 | D:3      | Reached skill level 5 in Earth Magic
  3177 | D:3      | Learned a level 2 spell: Passwall
  3181 | D:3      | Learned a level 3 spell: Stone Arrow
  3279 | D:3      | Reached XP level 5. HP: 40/40 MP: 5/8
  3652 | D:4      | Noticed Robin
  3662 | D:3      | Killed Robin
  3808 | D:3      | Reached skill level 6 in Earth Magic
  3939 | D:4      | Noticed a phantom
  3958 | D:3      | Killed a phantom
  3959 | D:3      | Reached XP level 6. HP: 40/48 MP: 2/9
  4127 | D:4      | Reached skill level 7 in Earth Magic
  4130 | D:4      | Noticed Menkaure
  4140 | D:4      | Found a hide-covered altar of Uskayaw.
  4162 | D:4      | Killed Menkaure
  4163 | D:4      | Gained mutation: You curl defensively after being hit.
                  | [Palentonga growth]
  4163 | D:4      | Reached XP level 7. HP: 31/53 MP: 4/10
  4417 | D:4      | Found a staircase to the Ecumenical Temple.
  4487 | Temple   | Entered the Ecumenical Temple
  4722 | Temple   | Became a worshipper of Vehumet
  5024 | D:4      | Noticed Edmund
  5261 | D:3      | Killed Edmund
  5262 | D:3      | Reached skill level 8 in Earth Magic
  5615 | D:4      | Found a broken altar of Ashenzari.
  5615 | D:4      | Found a hazy altar of Hepliaklqana.
  5812 | D:5      | Entered Level 5 of the Dungeon
  6034 | D:5      | Found a glowing silver altar of Zin.
  6053 | D:5      | Found a blossoming altar of Fedhas.
  6053 | D:5      | Found a faded altar of an unknown god.
  6073 | D:5      | Found an iron altar of Okawaru.
  6076 | D:5      | Found a faded altar of an unknown god.
  6078 | D:5      | Found a basalt altar of Yredelemnul.
  6090 | D:5      | Reached skill level 9 in Earth Magic
  6090 | D:5      | Reached XP level 8. HP: 60/60 MP: 11/11
  6115 | D:5      | Learned a level 4 spell: Petrify
  6215 | D:5      | Noticed Sigmund
  6231 | D:5      | Killed Sigmund
  7061 | D:6      | Found a glowing golden altar of the Shining One.
  7062 | D:6      | Noticed Grinder
  7081 | D:6      | Paralysed by Grinder for 6 turns
  7094 | D:6      | Killed Grinder
  7095 | D:6      | Reached skill level 10 in Earth Magic
  7670 | D:6      | Reached * piety under Vehumet
  7670 | D:6      | Offered knowledge of Magic Dart by Vehumet.
  8080 | D:7      | Reached skill level 11 in Earth Magic
  8088 | D:7      | Reached XP level 9. HP: 45/66 MP: 12/12
  8641 | D:7      | Noticed Pikel
  8658 | D:7      | Killed Pikel
  9127 | D:7      | Found a shimmering altar of Xom.
  9129 | D:7      | Found a shimmering altar of Xom.
  9129 | D:7      | Found a white marble altar of Elyvilon.
  9131 | D:7      | Found a broken altar of Ashenzari.
  9131 | D:7      | Found an ancient bone altar of Kikubaaqudgha.
  9131 | D:7      | Found an opulent altar of Gozag.
  9222 | D:7      | Reached skill level 12 in Earth Magic
  9224 | D:7      | Reached skill level 3 in Spellcasting
  9435 | D:8      | Found a stormy altar of Qazlal.
  9462 | D:8      | Reached skill level 4 in Spellcasting
  9462 | D:8      | Reached skill level 1 in Fighting
  9468 | D:8      | Learned a level 5 spell: Lee's Rapid Deconstruction
  9571 | D:8      | Reached ** piety under Vehumet
  9571 | D:8      | Offered knowledge of Freeze by Vehumet.
  9575 | D:8      | Reached skill level 1 in Conjurations
  9757 | D:8      | Found a transporter.
  9839 | D:9      | Reached skill level 2 in Fighting
  9839 | D:9      | Reached skill level 2 in Transmutations
 10058 | D:8      | Noticed a two-headed ogre
 10062 | D:8      | Killed a two-headed ogre
 10063 | D:8      | Reached skill level 4 in Fighting
 10063 | D:8      | Reached skill level 2 in Conjurations
 10063 | D:8      | Reached XP level 10. HP: 84/84 MP: 0/16
 10535 | D:8      | Offered knowledge of Searing Ray by Vehumet.
 10865 | D:8      | Found a transporter.
 10888 | D:8      | Reached skill level 5 in Fighting
 11234 | D:8      | Reached *** piety under Vehumet
 11235 | D:8      | Reached skill level 6 in Fighting
 12029 | D:9      | Reached skill level 7 in Fighting
 12182 | D:10     | Entered Level 10 of the Dungeon
 12220 | D:10     | Offered knowledge of Mephitic Cloud by Vehumet.
 12412 | D:10     | Found Loefaush's Assorted Antiques.
 12845 | D:10     | Noticed Sonja
 12855 | D:10     | Reached skill level 8 in Fighting
 12859 | D:10     | Killed Sonja
 13237 | D:10     | Quit the game

Vanquished Creatures
  A two-headed ogre (D:8)
  Sonja (D:10)
  Pikel (D:7)
  Grinder (D:6)
  Sigmund (D:5)
  Edmund (D:3)
  Menkaure (D:4)
  2 water moccasins (D:8)
  4 ice beasts
  2 phantoms
  4 orc warriors
  A sky beast (D:6)
  A black bear (D:10)
  3 ogres
  A centaur (D:7)
  3 lemures (D:7)
  7 bullfrogs
  A wyvern zombie (D:6)
  7 jellies
  3 scorpions
  6 killer bees
  3 wights (D:7)
  6 howler monkeys
  A quasit (D:8)
  6 orc wizards
  A centaur zombie (D:7)
  3 orc priests
  A gnoll shaman (D:8)
  6 hounds
  An iguana (D:3)
  12 worker ants
  A hound zombie (D:6)
  A hound skeleton (D:4)
  Robin (D:3)
  A howler monkey skeleton (D:5)
  3 worker ant zombies
  3 gnolls (D:3)
  15 adders
  3 white imps
  3 ufetubi
  6 oozes
  3 adder skeletons
  4 worms
  11 leopard geckos
  47 orcs
  A ball python (D:2)
  8 bats
  5 giant cockroaches
  16 goblins
  11 hobgoblins
  6 jackals
  10 kobolds
  A quokka (D:3)
  8 frilled lizards
  2 leopard gecko skeletons
  5 rats
267 creatures vanquished.

Table legend: (Time is in decaauts)
 A = Elapsed time spent in this place.
 B = Non-inter-level travel time spent in this place.
 C = Inter-level travel time spent in this place.
 D = Time resting spent in this place.
 E = Time spent auto-exploring this place.
 F = Levels seen in this place.
 G = Mean time per level.
                   A        B        C        D        E       F      G
               +--------+--------+--------+--------+--------+-----+--------+
         Total |  13493 |  12993 |    500 |   2928 |   7733 |  11 | 1226.6 |
       Dungeon |  13190 |  12731 |    459 |   2928 |   7473 |  10 | 1319.0 |
        Temple |    302 |    261 |     41 |      0 |    259 |   1 |  302.0 |
               +--------+--------+--------+--------+--------+-----+--------+

Top non-repeatable levels by time:
     D:8: 1991 daAuts
     D:3: 1690 daAuts
     D:7: 1533 daAuts
     D:2: 1510 daAuts
     D:4: 1292 daAuts
     D:6: 1215 daAuts
     D:1: 1120 daAuts
    D:10: 1087 daAuts
     D:5: 969 daAuts
     D:9: 778 daAuts
  Temple: 302 daAuts
